 Dungeon Crawl Stone Soup version 0.19-a0-1782-g9923417 (webtiles) character file.

291 LadySerpentine the Skirmisher (level 6, -4/56 HPs)
             Began as a Minotaur Abyssal Knight on Dec 2, 2016.
             Was a Believer of Lugonu.
             Killed from afar by a leopard gecko (27 damage)
             ... with an exploding inner flame
             ... hexed by the player character
             ... on level 3 of the Dungeon.
             The game lasted 00:13:06 (2801 turns).

LadySerpentine the Skirmisher (MiAK)                Turns: 2801, Time: 00:13:06

Health: -4/56      AC:  9    Str: 22    XL:     6   Next: 10%
Magic:  3/6        EV:  9    Int:  9    God:    Lugonu [**....]
Gold:   122        SH:  0    Dex: 14    Spells: 0 memorised, 5 levels left

rFire  . . .     SeeInvis .     s - +2 hand axe (freeze)
rCold  . . .     Faith    .     t - +0 chain mail
rNeg   . . .     Spirit   .     (no shield)
rPois  .         Reflect  .     (helmet restricted)
rElec  .                        (no cloak)
rCorr  .                        (no gloves)
MR     .....                    (no boots)
Stlth  ..........               (no amulet)
                                w - +4 ring of dexterity
                                e - +4 ring of strength

@: no status effects
A: retaliatory headbutt, horns 2
a: Depart the Abyss, Bend Space, Renounce Religion


You were on level 3 of the Dungeon.
You worshipped Lugonu.
Lugonu was pleased with you.
You were not hungry.

You visited 1 branch of the dungeon, and saw 3 of its levels.
You visited the Abyss 1 time.

You collected 122 gold pieces.

Inventory:

Hand Weapons
 a - a +1 spear
 m - a +0 scythe
 s - a +2 hand axe of freezing (weapon)
Missiles
 l - 2 throwing nets (quivered)
 y - 14 needles of sleeping
Armour
 b - a +0 leather armour
 j - a +0 ring mail
 o - a +0 scale mail
 q - a +2 helmet of intelligence
 t - a +0 chain mail (worn)
Jewellery
 e - a +4 ring of strength (left hand)
 w - a +4 ring of dexterity (right hand)
Wands
 r - a wand of digging (10/24)
Scrolls
 c - 4 scrolls of identify {unknown}
 d - 4 scrolls of immolation
 g - a scroll of amnesia {unknown}
 i - a scroll of recharging {unknown}
 k - a scroll of teleportation {unknown}
 p - 2 scrolls of fog {unknown}
Potions
 f - a potion of ambrosia {unknown}
 n - a potion of agility {unknown}
 u - a potion of haste {unknown}
 v - 2 potions of curing
 x - a potion of resistance {unknown}
Comestibles
 h - 3 fruits


   Skills:
 + Level 5.3 Fighting
 + Level 4.2 Polearms
 + Level 4.9 Armour
 + Level 2.1 Dodging
 + Level 0.5 Stealth
 + Level 2.0 Invocations


You had 5 spell levels left.
You didn't know any spells.

Dungeon Overview and Level Annotations

Branches:
Dungeon (3/15)
 Temple: D:3-6         Lair: D:-1         Crypt: Vaults:-1     Tomb: Vaults:-1

Altars:


Innate Abilities, Weirdness & Mutations

You reflexively headbutt those who attack you in melee.
You have a pair of horns on your head.


Message History

You hit the ogre (5). You freeze the ogre (2).
The ogre is heavily wounded.
The ogre hits you with a giant spiked club (3).
Space bends around you!
You blink.
Space bends around you!
You blink.
The ogre hits you with a giant spiked club (5).
A leopard gecko comes into view.
The leopard gecko hisses angrily.
A goblin comes into view. It is wielding a dagger.
Space bends around you!
You blink.
As you read the scroll labeled GUMIEDDU YZUEN, it crumbles to dust.
The creatures around you are filled with an inner flame!
It was a scroll of immolation.
The goblin shouts!
The leopard gecko bites you but does no damage.
You hit the leopard gecko (4).
The leopard gecko seems to slow down.
You freeze the leopard gecko (1).
The leopard gecko explodes!
The fiery explosion engulfs you!
You die...

### #.# #######
###.###.....###.###
#.§@§.............
#.#.###.....###.##..
# #.O...........##.#
#.###..........#.#
#..........##..#.#
.................#.#
g.#g....####.###.#.#
..............#.#.#
..#.##... ...#.#.#.#


You could see an ogre (inner flame) and a goblin.

Vanquished Creatures
  Sigmund (D:2)
  Ijyb (D:1)
  Terence (D:2)
  An adder (D:2)
  3 oozes
  5 dart slugs
  3 leopard geckos
  3 giant cockroaches (D:1)
  3 goblins
  5 hobgoblins
  2 jackals (D:1)
  5 bats
  4 frilled lizards (D:1)
  19 kobolds
  5 rats
61 creatures vanquished.

Notes
Turn   | Place    | Note
-------+----------+-------------------------------------------
     0 | Abyss:1  | LadySerpentine the Minotaur Abyssal Knight began the quest for the Orb.
     0 | Abyss:1  | Reached XP level 1. HP: 19/19 MP: 1/1
     1 | D:1      | Escaped the Abyss
   173 | D:1      | Reached skill level 4 in Fighting
   173 | D:1      | Reached XP level 2. HP: 23/27 MP: 2/2
   191 | D:1      | Reached * piety under Lugonu
   563 | D:1      | Reached XP level 3. HP: 34/34 MP: 3/3
   954 | D:2      | Noticed Ijyb
   955 | D:2      | Noticed Sigmund
  1144 | D:1      | Killed Ijyb
  1144 | D:1      | Reached skill level 5 in Fighting
  1144 | D:1      | Reached XP level 4. HP: 7/42 MP: 4/4
  1874 | D:2      | Killed Sigmund
  1874 | D:2      | Reached XP level 5. HP: 39/48 MP: 5/5
  2159 | D:2      | Noticed Terence
  2165 | D:2      | Reached ** piety under Lugonu
  2172 | D:2      | Killed Terence
  2172 | D:2      | Reached XP level 6. HP: 37/56 MP: 6/6
  2801 | D:3      | Killed from afar by a leopard gecko

Vault maps used:
D:1:      sevenhm_arrival_forest_fort_large_4, minmay_tetromino_i4
D:2:      minmay_goblin_kobold_house, uniq_iyjb, uniq_terence, uniq_sigmund
D:3:      zin_academy, ecumenical_altar_1, first_bread
Abyss:1:  hangedman_abyss_or_decor_jellyfish_corner

Skill      XL: |  1  2  3  4 |
---------------+-------------+-----
Fighting       | 4 5 |  5.3
Invocations    | 2 |  2.0
Polearms       | 3 4 |  4.2
Armour         | 4 |  4.9
Dodging        | 2 |  2.1
Stealth        | |  0.5

Action                   |  1- 3 |  4- 6 || total
-------------------------+-------+-------++-------
Melee: Spear             |    84 |    49 ||   133
       Headbutt          |    14 |    11 ||    25
       Hand axe          |       |    14 ||    14
Invok: Depart the Abyss  |     1 |       ||     1
       Bend Space        |       |     4 ||     4
  Use: Potion            |       |     1 ||     1
       Scroll            |       |     1 ||     1
Armor: Leather armour    |    10 |       ||    10
       Ring mail         |    22 |     9 ||    31
       Scale mail        |       |    11 ||    11
       Chain mail        |       |    15 ||    15
Dodge: Dodged            |    46 |    44 ||    90
